 Dungeon Crawl Stone Soup version 0.31.0-11-ge490571c62 (webtiles) character file.

Game seed: 7591456869392781028

767 Arctor the Shooter (level 8, -4/69 HPs)
             Began as a Kobold Hexslinger on Jan 29, 2024.
             Was a Believer of Uskayaw.
             Engulfed by a cloud of flame (12 damage)
             ... on level 3 of the Dungeon.
             The game lasted 00:06:56 (3176 turns).

Arctor the Shooter (Kobold Hexslinger)              Turns: 3176, Time: 00:06:57

Health: -4/69      AC: 24    Str:  5      XL:     8   Next: 8%
Magic:  9/12       EV:  3    Int: 15      God:    Uskayaw [**....]
Gold:   186        SH:  0    Dex: 17 (19) Spells: 11/13 levels left

rFire   . . .        h - +6 dagger (freeze)
rCold   . . .        (no shield)
rNeg    . . .        c - melded +0 robe
rPois   +            (helmet currently unavailable)
rElec   .            (cloak currently unavailable)
rCorr   .            p - melded +0 pair of gloves
SInv    .            (boots currently unavailable)
Will    .....        (no amulet)
Stlth   +++          (no ring)
HPRegen 0.31/turn    (no ring)
MPRegen 0.13/turn

%: no passive effects
@: tree-form (expiring), hasted, studying Axes, very quick
A: stationary, stasis, torment immunity, boosted hp, small, no large weapons,
nightstalker 3
a: Renounce Religion, Stomp, Line Pass


You were on level 3 of the Dungeon.
You worshipped Uskayaw.
Uskayaw was noncommittal.
You were a tree.
You visited 2 branches of the dungeon, and saw 5 of its levels.

You collected 186 gold pieces.

Inventory:

Hand Weapons
 a - a +1 sling
 h - a +6 dagger of freezing (weapon)
 n - a +3 quarterstaff
Armour
 c - a +0 robe (melded)
 p - a +0 pair of gloves (melded)
Scrolls
 b - 2 scrolls of poison
 d - 2 scrolls of immolation
 l - a scroll of identify {unknown}
 m - a scroll of enchant armour {unknown}
 o - a scroll of amnesia {unknown}
 q - a scroll of fog {unknown}
Potions
 f - a potion of degeneration
 g - a potion of haste
 i - a potion of lignification
 r - a potion of invisibility {unknown}


   Skills:
 + Level 3.5 Fighting
 + Level 3.8 Short Blades
 + Level 4.8 Ranged Weapons
 + Level 4.5 Dodging
 + Level 3.2 Spellcasting
 + Level 4.3 Hexes
 + Level 3.0 Fire Magic


You had 11 spell levels left.
You knew the following spells:

 Your Spells              Type           Power      Damage    Failure   Level
a - Jinxbite              Hex            30%        N/A       4%          2

Your spell library contained the following spells:

 Spells                   Type           Power      Damage    Failure   Level
 Sigil of Binding         Hex            15%        N/A       10%         3
 Inner Flame              Hex/Fire       13%        N/A       13%         3
 Cause Fear               Hex            7%         N/A       32%         4
 Dimensional Bullseye     Hex/Tloc       4%         N/A       63%         4
 Flame Wave               Conj/Fire      7%         2d5       71%         4
 Sticky Flame             Fire/Alch      7%         2d4       71%         4


Dungeon Overview and Level Annotations

Branches:
Dungeon (4/15)             Temple (1/1) D:4

Altars:
Ashenzari
Cheibriados
Dithmenos
Elyvilon
Fedhas
Gozag
Hepliaklqana
Kikubaaqudgha
Makhleb
Nemelex Xobeh
Okawaru
Qazlal
Ru
Trog
Uskayaw
Vehumet
Wu Jian
Xom
Yredelemnul
Zin

Shops:
D:1 ?


Innate Abilities, Weirdness & Mutations

You are a tree.
Your roots penetrate the ground, keeping you stationary.
You cannot be teleported.
You are immune to unholy pain and torment.
Your maximum health is greatly increased.
Your equipment is partially melded.
You are small and have problems with some larger weapons.
You are completely attuned to the shadows.


Message History

Pikel is lightly wounded.
Pikel is engulfed in blazing flames.
Flame seeps out of Pikel.
Pikel hits you with a +1 whip of flaming.
Pikel burns you.
You hit Pikel.
Flame seeps out of Pikel.
You freeze Pikel.
Flame seeps out of Pikel.
You punch Pikel, but do no damage.
Pikel is heavily wounded.
You barely miss Pikel.
Pikel is heavily wounded.
Pikel is engulfed in blazing flames.
Flame seeps out of Pikel.
Pikel hits you but does no damage.
You hit Pikel.
Flame seeps out of Pikel.
You freeze Pikel.
Flame seeps out of Pikel.
Pikel is almost dead.
You can now pass through a line of other dancers.
You hit Pikel. You freeze Pikel.
Pikel explodes!
The fiery explosion engulfs you!!
Ouch! That really hurt!
* * * LOW HITPOINT WARNING * * *
You are engulfed in blazing flames.
* * * LOW HITPOINT WARNING * * *
You feel your strength returning.
You feel your intelligence returning.
You feel your dexterity returning.
Your Fighting skill increases to level 3!
Your Short Blades skill increases to level 3!
Your Dodging skill increases to level 4!
Your Spellcasting skill increases to level 3!
Your Hexes skill increases to level 4!
Your Fire Magic skill increases to level 3!
You have reached level 7!
You have reached level 8!
You're standing in a cloud of flame!
You're standing in a cloud of flame!
Unknown command.
You cannot move.
You cannot move.
You cannot move.
You are engulfed in blazing flames.
You die...

##...##.........#.#########....
##..........####......# #......
#............#
###.##.####.....#
#............##
#..##.[........#
#.............#
#.########.....#
##..).......#.###.# ##.....#
##...##....#(....# ###......#
#########..##..######.........
#......§♣...............#
#......§)§..##.####.....#
#........§.###.####.##..#
#....>.....##..##...###..
#..........##.###.### #..
#...........#.###.#####.#
#...........[...........#
#...........#####.###...#
##..........# ##........


There were no monsters in sight!

Vanquished Creatures
  Pikel (D:3)
  An ogre (D:4)
  A phantom (D:4)
  2 lemures (D:4)
  2 orc wizards (D:4)
  3 adders
  2 dart slugs (D:1)
  A ribbon worm (D:3)
  3 orcs (D:4)
  6 endoplasms
  5 giant cockroaches
  7 hobgoblins
  4 jackals (D:3)
  A quokka (D:3)
  6 ball pythons
  7 bats
  3 frilled lizards
  5 goblins
  4 kobolds
  4 rats
68 creatures vanquished.

Notes
Turn   | Place    | Note
-------+----------+-------------------------------------------
     0 | D:1      | Arctor the Kobold Hexslinger began the quest for the Orb.
     0 | D:1      | Reached XP level 1. HP: 12/12 MP: 2/2
   223 | D:1      | Reached XP level 2. HP: 16/16 MP: 3/3
   598 | D:1      | Found Kecutazo's Magic Scroll Shop.
   863 | D:2      | Reached XP level 3. HP: 21/21 MP: 5/5
  1839 | D:3      | Reached skill level 1 in Short Blades
  1864 | D:3      | Found a glowing silver altar of Zin.
  1864 | D:3      | Found a shadowy altar of Dithmenos.
  2155 | D:3      | Reached XP level 4. HP: 26/26 MP: 6/6
  2568 | D:4      | Noticed a phantom
  2574 | D:4      | Killed a phantom
  2575 | D:4      | Reached XP level 5. HP: 25/30 MP: 6/8
  2610 | D:4      | Found a staircase to the Ecumenical Temple.
  2630 | Temple   | Entered the Ecumenical Temple
  2652 | Temple   | Became a worshipper of Uskayaw the Reveller
  2740 | D:4      | Reached * piety under Uskayaw
  2743 | D:4      | Reached XP level 6. HP: 27/36 MP: 9/9
  2878 | D:4      | Found a blossoming altar of Fedhas.
  2885 | D:4      | Learned a level 2 spell: Jinxbite
  2904 | D:4      | Noticed Pikel
  2928 | D:4      | Reached ** piety under Uskayaw
  2932 | D:4      | Reached *** piety under Uskayaw
  2936 | D:4      | Reached **** piety under Uskayaw
  2988 | D:4      | Noticed an ogre
  2996 | D:4      | Killed an ogre
  3175 | D:3      | Killed Pikel
  3176 | D:3      | Reached XP level 7. HP: 7/41 MP: 9/11
  3176 | D:3      | Reached XP level 8. HP: 8/46 MP: 9/12
  3176 | D:3      | Engulfed by a cloud of flame

Illustrated notes

Levels and vault maps discovered:
D:1:      pf_arrival_petrified_forest, layout_basic, serial_shops,
          nicolae_shop_tiny_real_fake_doors
D:2:      layout_basic
D:3:      layout_rooms, gammafunk_temple_overflow_elements
D:4:      layout_cave_pools, mainiacjoe_overflow_catwalk, temple_fountains,
          enter_ossuary_4, uniq_pikel
Temple:   nicolae_temple_bog_church

Skill      XL: |  1  2  3  4  5  6 |
---------------+-------------------+-----
Ranged Weapons | 3 4 |  4.8
Short Blades   | 1 2 3 |  3.8
Dodging        | 3 4 |  4.5
Fighting       | 2 3 |  3.5
Spellcasting   | 2 3 |  3.2
Fire Magic     | 2 3 |  3.0
Hexes          | 4 |  4.3

Action                     |  1- 3 |  4- 6 |  7- 9 || total
---------------------------+-------+-------+-------++-------
  Melee: Dagger            |    56 |    93 |       ||   149
         Punch             |       |     1 |       ||     1
   Fire: Sling             |    27 |       |       ||    27
    Use: Scroll            |     2 |     6 |       ||     8
         Potion            |       |     6 |       ||     6
   Stab: Sleeping          |    16 |     2 |       ||    18
         Paralysed         |       |     2 |       ||     2
 Armour: Robe              |    15 |    39 |       ||    54
         Skin              |       |     5 |     1 ||     6
  Dodge: Dodged            |    35 |    72 |       ||   107
